 Dungeon Crawl Stone Soup version 0.17-a0-1713-gdf939a4 (webtiles) character file.

595 Leibowitz the Poker (level 7, -5/55 HPs)
             Began as a Merfolk Gladiator on Aug 21, 2015.
             Slain by Edmund
             ... wielding a +0 flail of crushing
              (9 damage)
             ... on level 4 of the Dungeon on Aug 23, 2015.
             The game lasted 00:14:48 (3253 turns).

Leibowitz the Poker (Merfolk Gladiator)             Turns: 3253, Time: 00:14:48

Health: -5/55      AC:  6    Str: 16      XL:     7   Next: 40%
Magic:  6/6        EV: 15    Int: 11      God:
Gold:   223        SH:  0    Dex: 17 (18) Spells: 0 memorised, 6 levels left

rFire  x . .     SeeInvis .     a - +0 trident
rCold  + . .     Rnd*Rage +     i - +2 ring mail {MR+}
rNeg   . . .     SustAt   .     (no shield)
rPois  .         Gourm    .     c - +0 helmet
rElec  .         Spirit   .     (no cloak)
rCorr  +         Warding  .     (no gloves)
rMut   .         Stasis   .     b - +0 pair of boots
MR     +....                    r - amulet of resist corrosion
Stlth  +.........               k - ring of ice
                                h - +4 ring of intelligence

@: somewhat resistant to hostile enchantments, very unstealthy
A: change form in water, swift swim, agile 1, berserk 1, deformed body,
deterioration 1, low mp 1, spit poison 1
a: Spit Poison


You were on level 4 of the Dungeon.
You were not hungry.

You visited 1 branch of the dungeon, and saw 4 of its levels.

You collected 223 gold pieces.

Inventory:

Hand weapons
 a - a +0 trident (weapon)
Missiles
 d - 4 throwing nets (quivered)
Armour
 b - a +0 pair of boots (worn)
 c - a +0 helmet (worn)
 i - a +2 ring mail of magic resistance (worn)
Jewellery
 h - a +4 ring of intelligence (left hand)
 k - a ring of ice (right hand)
 r - an amulet of resist corrosion (around neck)
Magical devices
 n - a wand of teleportation (4)
 p - a wand of frost (29)
Scrolls
 e - a scroll of teleportation
 g - a scroll of remove curse
 l - a scroll of amnesia {unknown}
 s - 3 scrolls of identify
 t - a scroll of enchant weapon
Potions
 o - 3 potions of curing
 q - a potion of might
Comestibles
 f - 6 bread rations
 j - 3 meat rations
 m - 3 fruits
 u - a chunk of flesh


   Skills:
 * Level 4.3 Fighting
 * Level 7.7 Polearms
 - Level 2.0 Throwing
 + Level 1.4 Armour
 * Level 7.2 Dodging
 + Level 0.8 Stealth


You had 6 spell levels left.
You didn't know any spells.

Dungeon Overview and Level Annotations

Branches:
Dungeon (4/15)
 Temple: D:4-7

Altars:
Zin

Annotations:
D:4 Edmund


Innate Abilities, Weirdness & Mutations

You revert to your normal form in water.
You are very nimble and swift while swimming.
You are agile. (Dex +2)
You tend to lose your temper in combat.
Armour fits poorly on your strangely shaped body.
Your body sometimes deteriorates upon taking damage.
Your magical capacity is low (-10% MP).
You can spit weak poison.


Message History

You continue eating. x2
Things that are here:
a mace; a leather armour You now have 223 gold pieces (gained 19).
Edmund the Younger comes into view.
He is wielding a flail of crushing.
Edmund shouts!
Found a potion of berserk rage.
Edmund hits you but does no damage.
You hit Edmund.
Edmund is lightly wounded.
Edmund hits you with a flail of crushing!
* * * LOW HITPOINT WARNING * * *
x2 You hit Edmund but do no damage.
Edmund is lightly wounded.
Edmund hits you with a flail of crushing.
* * * LOW HITPOINT WARNING * * *
x2 You hit Edmund but do no damage.
Edmund is lightly wounded.
Edmund hits you with a flail of crushing!
You die...

#... #..#. #(.. .... #...
... #... ..## .... #..#
.## .#### #..# #...# #. .
#.####...!.# ##.# ##.
#...@@.....# #..##
#..#######.##........ ...#
...........#####...##
#..## # ...........# #.##
#...##. ...........# .#
#...... ...........## #.
#....# #..##....#..#
####.#####....## #.
##...#..###......#..###..#
##..##......#......## ##..


You could see Edmund.

Vanquished Creatures
  Sigmund (D:2)
  The ghost of Gargoyl the Skirmisher, a weakling DsAK of Lugonu (D:3)
  An orc priest (D:4)
  Terence (D:2)
  Natasha (twice) (D:4)
  5 orc wizards (D:4)
  A worker ant (D:4)
  3 gnolls (D:2)
  2 adders (D:3)
  An ooze (D:3)
  2 worms
  3 giant geckos
  13 orcs
  5 giant cockroaches (D:1)
  5 goblins
  8 hobgoblins
  10 kobolds
  3 ball pythons
  7 bats
  4 giant newts
  3 jackals (D:3)
  8 rats
89 creatures vanquished.

Notes
Turn   | Place    | Note
--------------------------------------------------------------
     0 | D:1      | Leibowitz the Merfolk Gladiator began the quest for the Orb.
     0 | D:1      | Reached XP level 1. HP: 16/16 MP: 1/1
   272 | D:1      | Reached XP level 2. HP: 16/23 MP: 2/2
   749 | D:1      | Reached XP level 3. HP: 28/28 MP: 3/3
   871 | D:2      | Reached skill level 5 in Dodging
   877 | D:2      | Reached skill level 5 in Polearms
   977 | D:2      | Noticed Terence
  1007 | D:2      | Killed Terence
  1007 | D:2      | Reached XP level 4. HP: 19/34 MP: 4/4
  1204 | D:2      | Noticed Sigmund
  1217 | D:2      | Killed Sigmund
  1217 | D:2      | Reached skill level 6 in Polearms
  1217 | D:2      | Reached XP level 5. HP: 38/42 MP: 5/5
  1217 | D:2      | Reached XP level 6. HP: 43/48 MP: 6/6
  1726 | D:3      | Noticed Gargoyl's ghost (weakling DsAK)
  1777 | D:3      | Killed Gargoyl's ghost
  2079 | D:3      | Found a glowing silver altar of Zin.
  2365 | D:3      | Upgraded the game from 0.17-a0-1701-gf693a3f to 0.17-a0-1713-gdf939a4
  2544 | D:4      | Noticed Natasha
  2553 | D:4      | Killed Natasha
  2580 | D:4      | Reached skill level 1 in Armour
  2587 | D:4      | Reached skill level 7 in Polearms
  2611 | D:4      | Reached XP level 7. HP: 43/54 MP: 7/7
  2735 | D:4      | Noticed Natasha
  2752 | D:4      | Killed Natasha
  2848 | D:4      | Gained mutation: You can spit weak poison. [potion of mutation]
  2848 | D:4      | Gained mutation: Your magical capacity is low (-10% MP). [potion of mutation]
  2848 | D:4      | Gained mutation: Armour fits poorly on your strangely shaped body. [potion of mutation]
  2924 | D:4      | Gained mutation: You are agile. (Dex +2) [potion of mutation]
  2924 | D:4      | Gained mutation: Your body sometimes deteriorates upon taking damage. [potion of mutation]
  2924 | D:4      | Gained mutation: You tend to lose your temper in combat. [potion of mutation]
  3248 | D:4      | Noticed Edmund
  3253 | D:4      | Slain by Edmund

Vault maps used:
D:1:      lemuel_arrival_room, minmay_fountain_box, hangedman_decor_push
D:2:      due_unseen_surprise, uniq_terence, uniq_sigmund
D:3:      lemuel_crystal_altar, first_bread
D:4:      minmay_temple_entry_statues, hangedman_abyss_or_decor_slice,
          uniq_natasha, uniq_edmund

Action                   |  1- 3 |  4- 6 |  7- 9 || total
-------------------------+-------+-------+-------++-------
Melee: Trident           |   123 |   202 |    78 ||   403
Throw: Throwing net      |       |     1 |       ||     1
  Use: Potion            |       |     7 |     2 ||     9
       Scroll            |       |     5 |       ||     5
 Stab: Distracted        |       |     1 |       ||     1
  Eat: Chunk             |       |     6 |     3 ||     9
